 Dungeon Crawl Stone Soup version 0.22-a0-374-g5dfd9e3 (webtiles) character file.

171469 Dipster the Convoker (level 16, -1/120 HPs)
             Began as a Vampire Summoner on Apr 24, 2018.
             Was the Champion of Kikubaaqudgha.
             Slain by an ettin
             ... wielding a +0 dire flail
              (17 damage)
             ... on level 1 of the Depths on Apr 26, 2018.
             The game lasted 05:09:20 (87191 turns).

Dipster the Convoker (Vampire Summoner)            Turns: 87191, Time: 05:09:21

Health: -1/120     AC: 17    Str:  8    XL:     16   Next: 82%
Magic:  0/34       EV: 20    Int: 22    God:    Kikubaaqudgha [******]
Gold:   625        SH:  0    Dex: 25    Spells: 4/43 levels left

rFire    + + .     SeeInvis +   e - +8 glaive of the Guard {elec, +Rage AC+5 SInv}
rCold    + . .     Gourm    .   (shield currently unavailable)
rNeg     + + .     Faith    .   I - +2 robe {rF+}
rPois    +         Spirit   +   v - +1 helmet of the Flute {Dex+3}
rElec    .         Reflect  .   R - scarf {repulsion}
rCorr    .         Harm     .   t - +2 pair of gloves
MR       +....                  a - +2 pair of boots {run}
Stlth    +++++++...             O - amulet of guardian spirit
HPRegen  0.15/turn              C - +6 ring of dexterity
MPRegen  0.24/turn              P - ring of protection from fire

@: regenerating slowly, repel missiles, quick
A: fangs 3, see invisible, unbreathing
}: 2/15 runes: serpentine, barnacled
a: Bat Form, Receive Corpses, Torment, Brand Weapon With Pain, Receive
Necronomicon, Renounce Religion, Evoke Berserk Rage


You were on level 1 of the Depths.
You worshipped Kikubaaqudgha.
Kikubaaqudgha was exalted by your worship.
You were near bloodless.

You visited 8 branches of the dungeon, and saw 34 of its levels.
You also visited: Labyrinth, Ice Cave and Volcano.

You collected 3361 gold pieces.
You spent 2736 gold pieces at shops.

Inventory:

Hand Weapons
 e - the +8 glaive of the Guard (weapon) {elec, +Rage AC+5 SInv}
   (You found it on level 12 of the Dungeon)

   Occasionally, upon striking a foe, it will discharge some electrical energy
   and cause terrible harm.
   It affects your AC (+5).
   It lets you see invisible.
   It lets you go berserk.
 U - a +2 demon trident of flaming
Missiles
 f - 255 sling bullets
 i - 19 javelins of penetration (quivered)
 k - 5 needles of sleeping
 E - 14 throwing nets
Armour
 a - a +2 pair of boots of running (worn)
 t - a +2 pair of gloves (worn)
 v - the +1 helmet of the Flute (worn) {Dex+3}
   (You found it on level 4 of the Dungeon)

   It affects your dexterity (+3).
 I - a +2 robe of fire resistance (worn)
 R - a scarf of repulsion (worn)
Jewellery
 c - a +3 ring of protection
 l - an uncursed ring of teleportation
 q - an uncursed ring of poison resistance {unknown}
 C - a +6 ring of dexterity (left hand)
 O - an amulet of guardian spirit (around neck)
 P - a ring of protection from fire (right hand)
Wands
 h - a wand of disintegration (25)
 p - a wand of paralysis (34)
 r - a wand of polymorph (20)
 y - a wand of flame (70)
 F - a wand of iceblast (47)
 T - a wand of clouds (7)
 X - a wand of enslavement (46)
Scrolls
 g - 2 scrolls of immolation
 n - 9 scrolls of teleportation
 u - 2 scrolls of blinking
 B - a scroll of torment
 H - a scroll of amnesia
 K - 2 scrolls of acquirement {unknown}
 Q - 2 scrolls of magic mapping
 V - 5 scrolls of fear
 Y - 9 scrolls of remove curse
Potions
 d - 4 potions of flight
 j - 2 potions of ambrosia
 m - 3 potions of cancellation
 o - 3 potions of resistance
 x - a potion of heal wounds
 J - a potion of invisibility
 L - 4 potions of blood
 M - 3 potions of haste
 W - 13 potions of curing
Miscellaneous
 b - a fan of gales (inert)
 s - a lamp of fire (inert)
 w - a phial of floods (inert)
 D - a lightning rod (4/4)


   Skills:
 + Level 9.2 Fighting
   Level 4.0 Short Blades
 - Level 2.1 Polearms
 - Level 2.0 Armour
 + Level 8.3 Dodging
 + Level 12.4 Stealth
 * Level 14.2 Spellcasting
 - Level 1.0 Conjurations
 + Level 17.0 Summonings
 * Level 10.4 Necromancy
 - Level 4.1 Ice Magic
 - Level 8.0 Air Magic
 + Level 2.8 Evocations


You had 4 spell levels left.
You knew the following spells:

 Your Spells              Type           Power        Failure   Level  Hunger
b - Call Imp              Summ           ######..     0%          2    None
c - Call Canine Familiar  Summ           ######..     0%          3    None
d - Summon Lightning Spi  Summ/Air       ######..     1%          4    None
e - Summon Guardian Gole  Hex/Summ       ######..     1%          3    None
f - Summon Ice Beast      Ice/Summ       ######..     1%          4    None
g - Animate Dead          Necr           N/A          1%          4    None
h - Mephitic Cloud        Conj/Pois/Air  ####....     3%          3    None
i - Shadow Creatures      Summ           N/A          1%          6    #####..
j - Haunt                 Necr/Summ      ######....   12%         7    ######.
k - Recall                Summ/Tloc      N/A          1%          3    None


Dungeon Overview and Level Annotations

Branches:
Dungeon (15/15)            Temple (1/1) D:6            Lair (6/6) D:8
 Shoals (4/4) Lair:3        Snake (4/4) Lair:2        Slime (0/5) Lair:5
    Orc (2/2) D:10            Elf (0/3) Orc:2        Vaults (1/5) D:13
 Depths (1/5) D:15

Altars:
Ashenzari
Cheibriados
Dithmenos
Elyvilon
Fedhas
Gozag
Hepliaklqana
Kikubaaqudgha
Makhleb
Nemelex Xobeh
Okawaru
Qazlal
Ru
Sif Muna
Trog
Uskayaw
Vehumet
Wu Jian
Xom
Yredelemnul
Zin
The Shining One
Jiyva

Shops:
D:5 ?   D:12 *   D:14 *   Shoals:4 *(*!   Snake:3 }=}   Snake:4 [[*[}

Annotations:
D:13 exclusion: obsidian statue
Lair:6 1 runed door
Shoals:4 Ilsuiw


Innate Abilities, Weirdness & Mutations

You heal slowly.
You have razor-sharp teeth.
You have supernaturally acute eyesight. (SInv)
You can survive without breathing.


Message History

Found a scroll of teleportation.
You can't go up here!
Casting: Summon Lightning Spire (safe; 1% risk of failure)
Confirm with . or Enter, or press ? or * to list all spells.
Aiming: Summon Lightning Spire (safe; 1% risk of failure)
Press: ? - help, Dir - move target cursor An electric hum fills the air.
The ice dragon closely misses you. x2
The ice dragon completely misses you. The ettin closely misses you.
The ettin hits you with a dire flail!!!
* * * LOW HITPOINT WARNING * * *
The ice dragon bites you.
* * * LOW HITPOINT WARNING * * *
The ice dragon claws you but does no damage.
The ice dragon tramples you but does no damage.
There is a staircase back to the Dungeon here.
The ice dragon barely misses you. The ice dragon misses you.
The ice dragon closely misses you. The ettin completely misses you.
The ettin hits you with a dire flail!
You die...
Kikubaaqudgha rasps: "You have failed me!
Welcome... oblivion!"

####.#.#?#.##
..........>####.
...#.#.........
#####.#...........
........8........
...............#
#...........#
#...#.#D.....# ...
#..C@....# #
#...#)...#
..#........#
............#
#.#########.# #
###


You could see an ice dragon, an ettin and a friendly lightning spire.

Vanquished Creatures
  A juggernaut zombie (D:15)
  An ironheart preserver (Vaults:1)
  A merfolk javelineer (Shoals:4)
  Josephine (D:13)
  A yaktaur captain (Vaults:1)
  Harold (D:10)
  A naga warrior (Snake:4)
  4 centaur warriors
  2 hydras
  4 merfolk aquamancers
  2 anacondas
  A dancing weapon (Volcano)
  A satyr (Shoals:2)
  A tengu warrior (D:13)
  3 naga sharpshooters
  3 unseen horrors
  Pikel (D:8)
  4 sea snakes
  6 harpies (Shoals:1)
  4 deep elf magi
  4 wizards
  2 mana vipers (Snake:4)
  2 salamanders
  2 toenail golems (Volcano)
  2 ugly things (Vaults:1)
  2 elephants (Lair:6)
  A wolf spider (Vaults:1)
  A cyclops (D:10)
  3 manticores
  2 merfolk sirens (Shoals:4)
  A water nymph (Shoals:1)
  16 black mambas
  3 torpor snails
  3 spiny frogs
  2 yaktaurs (Vaults:1)
  2 komodo dragons
  An ice devil (IceCv)
  A queen bee (Lair:3)
  3 trolls
  2 merfolk (Shoals:4)
  A wind drake (Shoals:2)
  2 hornets
  2 meliai zombies
  A slime creature (D:12)
  2 blink frogs (Lair:2)
  2 hippogriffs
  A centaur simulacrum (D:14)
  2 snapping turtles
  A shadow (D:11)
  8 yaks
  3 water elementals (Shoals:2)
  A vampire mosquito (D:14)
  4 wargs
  14 nagas
  3 porcupines
  2 water moccasins
  5 ice beasts
  3 orc warriors
  A slave (D:8)
  3 ogres
  2 black bears
  2 wolves
  A centaur (D:8)
  2 crocodiles
  A big kobold (D:8)
  7 bullfrogs
  12 killer bees
  2 howler monkeys (D:10)
  3 crimson imps
  2 hounds
  2 orc priests
  3 orc wizards (D:9)
  3 centaur skeletons
  An iguana (D:13)
  5 worker ants
  A hound skeleton (D:10)
  4 adders
  A shadow imp (D:15)
  2 white imps (IceCv)
  2 dart slugs
  2 leopard geckos
  12 orcs
  2 bats
  5 giant cockroaches
  3 goblins
  2 jackals (D:11)
  7 kobolds
  A quokka (D:8)
  4 frilled lizards
  A leopard gecko skeleton (D:7)
  An orc zombie (D:6)
  2 rats
  2 plants
261 creatures vanquished.

Vanquished Creatures (collateral kills)
  Frances (Snake:2)
  A kraken (Shoals:2)
  3 nagarajas (Snake:4)
  Roxanne (Shoals:1)
  A tengu reaver (Vaults:1)
  A frost giant (Shoals:4)
  Aizul (Snake:2)
  2 ironheart preservers (Vaults:1)
  Nessos (Lair:6)
  A minotaur (Lab)
  A deep elf demonologist (Vaults:1)
  A deep elf annihilator (Vaults:1)
  3 merfolk javelineers (Shoals:4)
  2 ettins
  6 merfolk impalers
  2 fire dragons
  5 naga warriors
  A yaktaur captain (Vaults:1)
  11 hydras
  3 merfolk aquamancers
  2 merfolk avatars
  A catoblepas (Lair:5)
  A centaur warrior (D:13)
  7 two-headed ogres
  2 alligator snapping turtles
  3 anacondas
  2 ogre magi (Vaults:1)
  3 satyrs
  3 deep troll earth magi (D:12)
  An orc high priest (Orc:2)
  8 naga sharpshooters
  6 shock serpents
  Urug (D:15)
  A skeletal warrior (D:15)
  2 salamander mystics
  10 sea snakes
  A flayed ghost (D:15)
  A swamp dragon (Lair:6)
  6 naga ritualists
  5 harpies
  4 wizards
  A necromancer (D:15)
  4 orc knights
  A lindwurm (Lair:6)
  2 deep elf magi (Vaults:1)
  10 manticores
  6 mana vipers
  An orc sorcerer (D:7)
  11 ugly things
  5 elephants
  9 fauns
  8 merfolk sirens
  7 salamanders
  A cyclops (Shoals:3)
  A fire giant zombie (D:15)
  Maurice (D:9)
  23 black mambas
  4 water nymphs
  Joseph (D:9)
  2 guardian serpents
  3 torpor snails (Lair:6)
  2 toenail golems (Volcano)
  An elephant (shapeshifter) (D:13)
  2 gargoyles
  24 naga magi
  13 spiny frogs
  4 rime drakes
  A kobold demonologist (D:14)
  A spriggan zombie (D:15)
  4 komodo dragons
  11 ice devils (IceCv)
  A yaktaur (Vaults:1)
  A guardian mummy (D:15)
  A tengu conjurer (D:15)
  19 merfolk
  13 trolls
  2 wind drakes
  A meliai (D:12)
  4 tyrant leeches (Lair:6)
  7 hornets
  6 slime creatures (D:11)
  11 snapping turtles
  15 blink frogs
  15 dream sheep
  11 hippogriffs
  Sigmund (D:4)
  2 wyverns
  3 basilisks
  8 water elementals
  2 vampires
  3 wraiths (D:13)
  36 yaks
  A hungry ghost (D:14)
  An elf skeleton (D:15)
  13 wargs
  2 steam dragons
  2 vampire mosquitoes (D:14)
  48 nagas
  5 acid dragons
  9 water moccasins
  6 porcupines
  8 ice beasts
  2 slaves (D:8)
  A hornet zombie (D:15)
  18 orc warriors
  3 black bears
  A swamp drake (Lair:6)
  A black bear (shapeshifter) (D:12)
  4 sky beasts
  6 centaurs
  4 eyes of draining
  11 wolves
  8 ogres
  11 crocodiles
  15 bullfrogs
  4 big kobolds
  5 scorpions
  31 killer bees
  4 wights (D:11)
  5 electric eels (D:8)
  5 howler monkeys
  5 crimson imps
  2 centaur zombies
  10 hounds
  3 quasits
  A bullfrog skeleton (D:5)
  11 orc priests
  4 jellies
  14 orc wizards
  5 iguanas
  3 centaur skeletons
  7 worker ants
  A killer bee zombie (D:7)
  A hound zombie (D:5)
  10 gnolls
  9 adders
  A shadow imp (D:12)
  3 white imps (IceCv)
  7 ufetubi (IceCv)
  An adder skeleton (D:6)
  5 worms
  3 dart slugs (D:1)
  7 leopard geckos
  79 orcs
  2 ball pythons (D:1)
  5 giant cockroaches
  5 goblins
  7 hobgoblins
  5 jackals
  15 kobolds
  3 quokkas
  7 bats
  2 frilled lizards
  A leopard gecko skeleton (D:6)
  An orc zombie (D:6)
  A quokka zombie (D:5)
  A rat (D:1)
  7 fungi
  10 plants
  4 tentacles (Shoals:2)
946 creatures vanquished.

Vanquished Creatures (others)
  A nagaraja (Snake:4)
  A reaper (IceCv)
  A merfolk aquamancer (Shoals:4)
  A shock serpent (Snake:4)
  A toenail golem (Volcano)
  A blink frog (Lair:2)
  A water elemental (Shoals:4)
  Grum (D:8)
  A slave (D:8)
  A wolf (D:8)
  An electric eel (D:8)
  A worker ant (D:6)
  A mummy (D:6)
  2 white imps (IceCv)
  4 ufetubi (IceCv)
  A kobold zombie (D:6)
  An orc zombie (D:6)
  4 fungi
  24 plants
  4 tentacles (Shoals:2)
  3 withered plants (D:15)
56 creatures vanquished.

Grand Total: 1263 creatures vanquished

Notes
Turn   | Place    | Note
-------+----------+-------------------------------------------
     0 | D:1      | Dipster the Vampire Summoner began the quest for the Orb.
     0 | D:1      | Reached XP level 1. HP: 13/13 MP: 3/3
   303 | D:1      | Reached XP level 2. HP: 19/19 MP: 1/5
  1118 | D:2      | Reached XP level 3. HP: 24/24 MP: 2/6
  1183 | D:2      | Found a hazy altar of Hepliaklqana.
  1397 | D:2      | Reached skill level 5 in Summonings
  1402 | D:2      | Learned a level 2 spell: Call Imp
  1406 | D:2      | Learned a level 3 spell: Call Canine Familiar
  1711 | D:2      | Reached XP level 4. HP: 30/30 MP: 5/8
  2135 | D:3      | Found a blossoming altar of Fedhas.
  2273 | D:3      | Found a stormy altar of Qazlal.
  2343 | D:3      | Found a snail-covered altar of Cheibriados.
  2692 | D:3      | Reached XP level 5. HP: 35/35 MP: 1/9
  2698 | D:3      | Learned a level 4 spell: Summon Lightning Spire
  2862 | D:3      | Found an ornate altar of the Wu Jian Council.
  3222 | D:4      | Noticed an ogre
  3235 | D:4      | Killed an ogre
  3315 | D:4      | Noticed Sigmund
  3351 | D:4      | Killed Sigmund
  3351 | D:4      | Reached skill level 1 in Fighting
  3351 | D:4      | Reached skill level 1 in Short Blades
  3351 | D:4      | Reached skill level 1 in Air Magic
  3351 | D:4      | Reached XP level 6. HP: 32/43 MP: 2/11
  3444 | D:4      | Got a distressingly furry helmet
  4213 | D:5      | Entered Level 5 of the Dungeon
  4216 | D:4      | Identified the +1 helmet of the Flute {Dex+3} (You found it on level 4 of the Dungeon)
  4251 | D:5      | Found a shadowy altar of Dithmenos.
  4381 | D:5      | Reached skill level 6 in Summonings
  4516 | D:5      | Found Quwnuec's Magic Scroll Shoppe.
  4526 | D:5      | Bought a scroll of teleportation for 39 gold pieces
  4526 | D:5      | Bought a scroll of blinking for 97 gold pieces
  4572 | D:5      | Reached XP level 7. HP: 44/48 MP: 6/12
  4665 | D:5      | Learned a level 3 spell: Summon Guardian Golem
  5109 | D:6      | Found a staircase to the Ecumenical Temple.
  5238 | Temple   | Entered the Ecumenical Temple
  6577 | D:6      | Reached skill level 5 in Stealth
  6975 | D:6      | Found a radiant altar of Vehumet.
  6976 | D:6      | Found a shattered altar of Ashenzari.
  7079 | D:6      | Found a glowing silver altar of Zin.
  7447 | D:7      | Found a sacrificial altar of Ru.
  7620 | D:7      | Reached XP level 8. HP: 54/56 MP: 9/14
  9155 | D:7      | Found a basalt altar of Yredelemnul.
 10208 | D:7      | Reached skill level 7 in Summonings
 12701 | D:7      | Reached skill level 5 in Spellcasting
 13166 | D:7      | Noticed an orc knight
 13503 | D:7      | Learned a level 4 spell: Summon Ice Beast
 14068 | D:8      | Reached XP level 9. HP: 57/63 MP: 8/16
 14244 | D:8      | Reached skill level 1 in Ice Magic
 14809 | D:7      | Reached skill level 5 in Air Magic
 16406 | D:7      | Killed an orc knight
 16406 | D:7      | Reached skill level 8 in Summonings
 16662 | D:7      | Noticed an orc knight
 17263 | D:7      | Killed an orc knight
 17479 | D:7      | Noticed an orc sorcerer
 17735 | D:7      | Killed an orc sorcerer
 18064 | D:7      | Noticed an orc knight
 18125 | D:7      | Killed an orc knight
 18471 | D:8      | Reached skill level 9 in Summonings
 18496 | D:8      | Noticed a troll
 18506 | D:8      | Killed a troll
 18916 | D:8      | Reached XP level 10. HP: 70/70 MP: 5/17
 19025 | D:8      | Noticed Pikel
 19057 | D:8      | Killed Pikel
 19057 | D:8      | Reached skill level 10 in Summonings
 19668 | D:8      | Noticed Grum
 19678 | D:8      | Killed Grum
 20197 | D:8      | Found a staircase to the Lair.
 20578 | Lair:1   | Entered Level 1 of the Lair of Beasts
 20578 | Lair:1   | Noticed a spiny frog
 20587 | Lair:1   | Killed a spiny frog
 20587 | Lair:1   | Reached skill level 1 in Armour
 20593 | Lair:1   | Noticed a seven-headed hydra
 20603 | Lair:1   | Killed a seven-headed hydra
 20779 | Lair:1   | Found a frozen archway.
 20810 | Lair:1   | Reached skill level 5 in Dodging
 20908 | IceCv    | Entered an ice cave
 21539 | IceCv    | Noticed an ice statue
 21539 | IceCv    | Noticed an ice statue
 22829 | IceCv    | Identified a +0 pair of boots of running (You found it in an ice cave)
 22859 | IceCv    | Killed a reaper
 24479 | Lair:1   | Reached XP level 11. HP: 22/77 MP: 7/21
 24572 | Lair:1   | Noticed a five-headed hydra
 24590 | Lair:1   | Killed a five-headed hydra
 24873 | D:9      | Noticed Maurice
 24917 | D:9      | Noticed Joseph
 25259 | D:9      | Found a white marble altar of Elyvilon.
 25259 | D:9      | Found a bloodstained altar of Trog.
 25617 | D:9      | Killed Maurice
 25700 | D:9      | Found a shattered altar of Ashenzari.
 25815 | D:9      | Found a deep blue altar of Sif Muna.
 25909 | D:9      | Killed Joseph
 26582 | D:9      | Noticed an unseen horror
 26591 | D:9      | Killed an unseen horror
 26591 | D:9      | Reached skill level 5 in Fighting
 26889 | D:9      | Found an ancient bone altar of Kikubaaqudgha.
 26893 | D:9      | Became a worshipper of Kikubaaqudgha
 26944 | D:10     | Entered Level 10 of the Dungeon
 27278 | D:10     | Reached * piety under Kikubaaqudgha
 27278 | D:10     | Identified Kikubaaqudgha's Tome of Necromancy (Kikubaaqudgha gifted it to you on level 10 of the Dungeon)
 27278 | D:10     | Received a gift from Kikubaaqudgha
 27298 | D:10     | Noticed Harold
 27864 | D:10     | Found a staircase to the Orcish Mines.
 28023 | D:10     | Killed Harold
 28183 | Orc:1    | Entered Level 1 of the Orcish Mines
 28386 | Orc:2    | Entered Level 2 of the Orcish Mines
 28626 | Orc:1    | Noticed an orc knight
 28659 | Orc:2    | Noticed an orc high priest
 28664 | Orc:2    | Killed an orc high priest
 28780 | Orc:2    | Learned a level 4 spell: Animate Dead
 29348 | Orc:2    | Noticed a stone giant
 29595 | D:10     | Reached skill level 1 in Necromancy
 29708 | D:10     | Reached ** piety under Kikubaaqudgha
 30825 | Lair:2   | Noticed a six-headed hydra
 30841 | Lair:2   | Killed a six-headed hydra
 31294 | Lair:2   | Noticed a seven-headed hydra
 31298 | Lair:2   | Found a staircase to the Snake Pit.
 31819 | Lair:2   | Killed a seven-headed hydra
 31819 | Lair:2   | Reached XP level 12. HP: 91/91 MP: 6/22
 32619 | Lair:2   | Reached skill level 11 in Summonings
 32700 | Lair:3   | Reached skill level 10 in Stealth
 33202 | Lair:3   | Reached *** piety under Kikubaaqudgha
 33202 | Lair:3   | Identified Kikubaaqudgha's Disquisition on Dark Secrets (Kikubaaqudgha gifted it to you on level 3 of the Lair of Beasts)
 33202 | Lair:3   | Received a gift from Kikubaaqudgha
 33366 | Lair:3   | Found a staircase to the Shoals.
 34629 | Lair:4   | Upgraded the game from 0.22-a0-369-gc73351f to 0.22-a0-373-gab1296c
 34725 | Lair:4   | Reached skill level 5 in Necromancy
 34735 | Lair:4   | Noticed a six-headed hydra
 34747 | Lair:4   | Killed a six-headed hydra
 35119 | Lair:5   | Reached **** piety under Kikubaaqudgha
 35144 | Lair:5   | Noticed a six-headed hydra
 35157 | Lair:5   | Killed a six-headed hydra
 35366 | Lair:5   | Found a labyrinth entrance.
 35371 | Lair:5   | Noticed a five-headed hydra
 35381 | Lab      | Entered a labyrinth
 35593 | Lab      | Noticed a minotaur
 36134 | Lab      | Learned a level 3 spell: Mephitic Cloud
 36363 | Lab      | Killed a minotaur
 36671 | Lab      | Got a glittering granite ring
 36674 | Lab      | Identified the ring "Guropri" {Int+2 Dex-5 Slay+3 Stlth-} (You found it in a labyrinth)
 36754 | Lair:5   | Killed a five-headed hydra
 36754 | Lair:5   | Reached skill level 1 in Polearms
 36821 | Lair:5   | Found a viscous altar of Jiyva.
 36822 | Lair:5   | Found a staircase to the Slime Pits.
 37484 | Lair:6   | Entered Level 6 of the Lair of Beasts
 37500 | Lair:6   | Noticed a catoblepas
 37535 | Lair:6   | Found a dark tunnel.
 37567 | Lair:6   | Identified a +2 pair of boots of running (You found it in a labyrinth)
 37653 | Lair:6   | Noticed a five-headed hydra
 37654 | Volcano  | Entered a volcano
 37830 | Volcano  | Reached skill level 12 in Summonings
 38144 | Volcano  | Reached XP level 13. HP: 98/98 MP: 2/25
 39311 | Lair:6   | Noticed Nessos
 39320 | Lair:6   | Killed Nessos
 39379 | Lair:6   | Found a glowing silver altar of Zin.
 39397 | Lair:6   | Reached skill level 13 in Summonings
 39911 | Orc:2    | Found a staircase to the Elven Halls.
 43457 | D:12     | Reached ***** piety under Kikubaaqudgha
 43507 | D:12     | Noticed an ettin
 43962 | D:12     | Reached skill level 1 in Evocations
 44310 | D:12     | Found Plog's Assorted Antiques.
 44419 | D:12     | Bought a scroll of identify for 68 gold pieces
 44419 | D:12     | Bought a scroll labeled ZIRHUBBENN for 34 gold pieces
 44419 | D:12     | Bought a sparkling ivory ring for 170 gold pieces
 44419 | D:12     | Bought a pair of embroidered gloves for 255 gold pieces
 44419 | D:12     | Bought a hardcover book for 510 gold pieces
 44454 | D:12     | Identified the ring of Xiffanorasch {rN+ Int+2} (You bought it in a shop on level 12 of the Dungeon)
 45196 | Lair:5   | Reached skill level 1 in Conjurations
 46141 | Lair:6   | Noticed a fire dragon
 46163 | Lair:6   | Killed a fire dragon
 46942 | Lair:6   | Found a runed door.
 49953 | D:12     | Noticed a purple very ugly thing
 49988 | D:12     | Killed an ettin
 50618 | D:12     | Reached skill level 14 in Summonings
 52020 | D:12     | Reached XP level 14. HP: 106/106 MP: 11/27
 52342 | D:12     | Found the +8 glaive of the Guard {elec, +Rage AC+5 SInv}
 52864 | D:13     | Learned a level 6 spell: Shadow Creatures
 53220 | D:13     | Found a gate to the Vaults.
 53951 | D:13     | Noticed Josephine
 53958 | D:13     | Killed Josephine
 54477 | D:13     | Got a warped whip
 54478 | D:13     | Identified the +7 whip of Uskayaw {flame, MR+ Dex+3} (You found it on level 13 of the Dungeon)
 55984 | D:14     | Found Qyuhuonist's Assorted Antiques.
 55994 | D:14     | Bought a coral ring for 105 gold pieces
 55994 | D:14     | Bought a wand of iceblast (4) for 84 gold pieces
 56524 | D:14     | Reached skill level 10 in Spellcasting
 56720 | D:15     | Entered Level 15 of the Dungeon
 57007 | D:15     | Noticed Urug
 57022 | D:15     | Killed Urug
 57103 | D:15     | Found a staircase to the Depths.
 57545 | Shoals:1 | Entered Level 1 of the Shoals
 57778 | Shoals:1 | Reached skill level 15 in Summonings
 58439 | Shoals:1 | Noticed Roxanne
 58476 | Shoals:1 | Killed Roxanne
 58485 | Shoals:1 | Identified Roxanne's Collected Works on Stones (You took it off Roxanne on level 1 of the Shoals)
 61202 | Shoals:2 | Noticed a kraken
 63176 | Shoals:2 | Reached XP level 15. HP: 113/113 MP: 9/30
 64037 | Shoals:2 | Killed a kraken
 64527 | Shoals:2 | Upgraded the game from 0.22-a0-373-gab1296c to 0.22-a0-374-g5dfd9e3
 67468 | Shoals:4 | Entered Level 4 of the Shoals
 67468 | Shoals:4 | Noticed Ilsuiw
 67766 | Shoals:4 | Found Jeppoiz's Assorted Antiques.
 67794 | Shoals:4 | Bought a potion of haste for 310 gold pieces
 67794 | Shoals:4 | Bought a scroll of magic mapping for 108 gold pieces
 68558 | Shoals:4 | Found Dophucse's General Store.
 68701 | Shoals:4 | Reached ****** piety under Kikubaaqudgha
 68746 | Shoals:4 | Identified the +11 arbalest "Hoyppuo" {freeze, rElec rPois rF- Str+3} (You found it on level 4 of the Shoals)
 69879 | Shoals:4 | Learned a level 7 spell: Haunt
 69955 | Shoals:4 | Noticed a frost giant
 69972 | Shoals:4 | Killed a frost giant
 70287 | Shoals:4 | Got a barnacled rune of Zot
 70723 | Shoals:4 | Found Laimakuf's Distillery.
 70738 | Shoals:4 | Found Movoumn's Antique Weapon Shoppe.
 70746 | Shoals:4 | Bought an iridescent spear for 280 gold pieces
 70746 | Shoals:4 | Bought a crystal scythe for 280 gold pieces
 70748 | Shoals:4 | Identified the +7 scythe of Turmoil {antimagic, *Drain +Rage rElec} (You bought it in a shop on level 4 of the Shoals)
 70939 | Snake:1  | Entered Level 1 of the Snake Pit
 71809 | Snake:1  | Reached skill level 16 in Summonings
 72286 | Snake:1  | Identified the cursed +3 spear "Bosal" {antimagic, MR- Int+5 Dex+7} (You bought it in a shop on level 4 of the Shoals)
 74434 | Snake:2  | Noticed Frances
 74551 | Snake:2  | Killed Frances
 75006 | Snake:2  | Noticed Aizul
 75112 | Snake:2  | Learned a level 3 spell: Recall
 75131 | Snake:2  | Killed Aizul
 76032 | Snake:3  | Reached XP level 16. HP: 84/120 MP: 17/33
 78178 | Snake:3  | Found Hagorph's Gadget Emporium.
 78254 | Snake:3  | Found Jefuog's Jewellery Shop.
 78255 | Snake:3  | Found Dainuq's Gadget Emporium.
 78273 | Snake:3  | Bought a wand of clouds (7) for 396 gold pieces
 78308 | Snake:4  | Entered Level 4 of the Snake Pit
 78308 | Snake:4  | Found Uthas's Antique Armour Shoppe.
 78328 | Snake:4  | Found Xata's Antique Armour Boutique.
 78347 | Snake:4  | Found Cesom's Assorted Antiques.
 79057 | Snake:4  | Found Coto's Armour Boutique.
 79214 | Snake:4  | Found Ereu's Gadget Boutique.
 83294 | Snake:4  | Got a serpentine rune of Zot
 83964 | Vaults:1 | Entered Level 1 of the Vaults
 84074 | Vaults:1 | Reached skill level 10 in Necromancy
 84500 | Vaults:1 | Reached skill level 17 in Summonings
 84517 | Vaults:1 | Noticed a storm dragon
 87161 | Depths:1 | Entered Level 1 of the Depths
 87191 | Depths:1 | Slain by an ettin

Vault maps used:
D:1:      dpeg_arrival_rooms_a, minmay_misc_feat_roman,
          hangedman_abyss_or_decor_stabs
D:2:      old_standard_altar
D:3:      grunt_temple_overflow_forces_of_nature, lemuel_coloured_pillars_altar,
          cheibriados_altar_1
D:4:      first_ration, grunt_ministairs_3, minmay_misc_feat_x, hex_tiny,
          uniq_sigmund
D:5:      serial_shops, shop_scrolls, grunt_dithmenos_smoke
D:6:      kennysheep_mini_moat, fiery_altar_vehumet, temple_fountains,
          serial_co_window_serial, co_window_of_opportunity_a,
          co_window_paths_a, co_window_paths_a, co_window_paths_b,
          co_window_paths_a, co_window_paths_a, co_window_paths_c,
          co_window_broadway_b, co_window_2corner, basic_altar,
          minmay_mini_ossuary
D:7:      lemuel_castle_with_subvaults, nicolae_ru_sacrificial_ziggurat,
          nicolae_overflow_crystal_walls, grunt_ogre_cave
D:8:      erik_lair_island, uniq_grum, uniq_pikel
D:9:      lemuel_doored_altar, gammafunk_temple_overflow_elements,
          marbit_many_paths, lemuel_blue_sif_altar, uniq_maurice, uniq_joseph
D:10:     erik_orc_2, uniq_harold
D:12:     minmay_guarded_unrand_guard, serial_shops, shop_coins
D:13:     david_vaults_1, minmay_more_statues, uniq_josephine
D:14:     serial_shops, shop, dk_noncrumbling_4
D:15:     gammafunk_depths_entry_grave, minmay_misc_feat_iff, uniq_urug
Temple:   compressed_dpeg_triangle_lava_temple
Lair:1:   portal_ice_cave_entry_ice_beasts, small_statue_intersection,
          lemuel_fruit_fields, serial_bayou_shore_b
Lair:2:   minmay_snake_entry_guardpost_small, hangedman_lair_generics_rect,
          grunt_megastairs_2
Lair:3:   shoals_dummy_entry, special_room, serial_bayou_shore_b
Lair:4:   beast_lair_carwin_8
Lair:5:   slime_altar_1, lab_entry_generic, serial_bayou_shore_a
Lair:6:   guppyfry_lair_end_dragon, wormcave, enter_volcano_1, basic_altar,
          grunt_megastairs_1, uniq_nessos
Shoals:1: uniq_roxanne
Shoals:2: cheibrodos_shoals_three_sisters
Shoals:4: shoals_end_grunt_ice, shoals_ilsuiw_alternative, serial_shops,
          nicolae_shop_temple_entry_statues_fountains, shop_fountains, shop,
          shop
Snake:1:  serial_bayou_pond_c
Snake:2:  uniq_aizul, uniq_frances
Snake:3:  serial_bayou_shore_b, minmay_shop_grove
Snake:4:  minmay_snake_end_coiled, serial_shops, shop, shop, shop, shop, shop
Orc:2:    st_orc_mages, uniq_azrael
Vaults:1: vaults_room_hangedman_quadrants, hangedman_vaults_unwind,
          vaults_room_hallway, hangedman_vaults_snaps, vaults_room_fancy_cross,
          vaults_mumra_chevron, vaults_room_ringed_pool,
          nicolae_vaults_sealed_display, nicolae_vaults_circle_grid_b,
          dpeg_vaults_monster_box, v_misc_14, hangedman_vaults_nodes,
          vaults_room_stairs_pillars, nicolae_vaults_big_ls,
          ontoclasm_vaults_bender
Depths:1: hangedman_abyss_entry_splay, rand_demon_pan_entry_1,
          grunt_hell_entry_dis_old, minmay_gold_behind_fungi,
          kennysheep_small_circle
Lab:      labyrinth_hidden_loot
IceCv:    ice_cave_small_demon
Volcano:  volcano_bunker

Skill      XL: |  1  2  3  4  5  6  7  8  9 10 11 12 13 14 15 16 |
---------------+-------------------------------------------------+-----
Summonings     | 5 6 7 9 10 12 14 15 16 17 | 17.0
Spellcasting   | 3 4 5 7 8 9 11 13 14 | 14.2
Fighting       | 1 2 3 4 7 8 9 |  9.2
Short Blades   | 1 2 3 4 |  4.0
Air Magic      | 1 2 4 6 7 8 |  8.0
Stealth        | 4 5 7 9 10 11 12 | 12.4
Dodging        | 3 4 6 7 8 |  8.3
Ice Magic      | 4 |  4.1
Armour         | 2 |  2.0
Necromancy     | 2 6 8 10 | 10.4
Polearms       | 2 |  2.1
Evocations     | 2 |  2.8
Conjurations   | 1 |  1.0

Action                   |  1- 3 |  4- 6 |  7- 9 | 10-12 | 13-15 | 16-18 || total
-------------------------+-------+-------+-------+-------+-------+-------++-------
Melee: Dagger            |    69 |    50 |   148 |       |       |       ||   267
       Bite              |     6 |     4 |    19 |    43 |    50 |    21 ||   143
       Unarmed           |     2 |       |       |       |       |       ||     2
       Short sword       |       |       |    10 |   152 |       |       ||   162
       Demon trident     |       |       |       |   149 |       |       ||   149
       Trident           |       |       |       |   215 |   295 |       ||   510
       Glaive            |       |       |       |       |   334 |   232 ||   566
       Scythe            |       |       |       |       |    12 |       ||    12
Throw: Javelin           |       |       |       |       |     2 |       ||     2
 Cast: Summon Small Mamm |    68 |    14 |     1 |       |     2 |       ||    85
       Call Canine Famil |       |    26 |    57 |    11 |       |       ||    94
       Call Imp          |       |    34 |   110 |    30 |    14 |       ||   188
       Summon Lightning  |       |       |    68 |   110 |   268 |    85 ||   531
       Summon Guardian G |       |       |     4 |     6 |     3 |     4 ||    17
       Summon Ice Beast  |       |       |     3 |   251 |   428 |    84 ||   766
       Animate Dead      |       |       |       |    16 |   114 |    38 ||   168
       Mephitic Cloud    |       |       |       |    10 |    15 |    16 ||    41
       Shadow Creatures  |       |       |       |       |     9 |     3 ||    12
       Recall            |       |       |       |       |     1 |     2 ||     3
Invok: Receive Corpses   |       |       |       |     1 |     9 |     1 ||    11
 Abil: End Transformatio |       |       |     2 |     1 |     3 |       ||     6
       Bat Form          |       |       |     2 |     1 |     3 |       ||     6
Evoke: Wand              |       |       |     1 |    14 |    19 |     7 ||    41
       Lamp of fire      |       |       |       |       |     4 |     1 ||     5
       Phial of floods   |       |       |       |       |     1 |     1 ||     2
       Lightning rod     |       |       |       |       |     4 |       ||     4
       Box of beasts     |       |       |       |       |     1 |     1 ||     2
       Fan of gales      |       |       |       |       |       |     1 ||     1
  Use: Potion            |    13 |     2 |    29 |    54 |    75 |    23 ||   196
       Scroll            |     2 |     5 |     6 |    25 |    20 |     4 ||    62
 Stab: Sleeping          |     8 |     6 |     2 |    12 |    18 |     5 ||    51
       Distracted        |       |     1 |     2 |    17 |    25 |    14 ||    59
       Confused          |       |       |       |     2 |     3 |     6 ||    11
       Petrified         |       |       |       |       |     5 |       ||     5
       Invisible         |       |       |       |       |     4 |       ||     4
       Paralysed         |       |       |       |       |       |     1 ||     1
Armor: Robe              |    23 |    12 |    30 |     3 |   275 |   104 ||   447
       Troll leather arm |       |       |       |   149 |       |       ||   149
Dodge: Dodged            |    50 |    42 |   117 |   416 |   724 |   293 ||  1642
       Deflected         |       |       |       |    17 |    77 |    28 ||   122

Table legend:
 A = Spawn XP
 B = Non-spawn XP
 C = Spawn XP percentage of total XP
 D = Spawn monster count
 E = Non-spawn monster count
 F = Spawn count percentage of total count
 G = Total turns spent on level
                    A         B        C        D         E        F      G
               +---------+---------+-------+---------+---------+-------+---------
         Total |       0 |  204956 |   0.0 |       0 |    1190 |   0.0 | 87191
               +---------+---------+-------+---------+---------+-------+---------
           D:1 |       0 |      38 |   0.0 |       0 |      27 |   0.0 |  1098
           D:2 |       0 |      66 |   0.0 |       0 |      25 |   0.0 |   793
           D:3 |       0 |      94 |   0.0 |       0 |      27 |   0.0 |  1045
           D:4 |       0 |     301 |   0.0 |       0 |      21 |   0.0 |  1373
           D:5 |       0 |     367 |   0.0 |       0 |      15 |   0.0 |   902
           D:6 |       0 |     398 |   0.0 |       0 |      30 |   0.0 |  4889
           D:7 |       0 |    3270 |   0.0 |       0 |      74 |   0.0 |  7774
           D:8 |       0 |    2241 |   0.0 |       0 |      57 |   0.0 |  2987
           D:9 |       0 |    1892 |   0.0 |       0 |      25 |   0.0 |  3442
          D:10 |       0 |    2063 |   0.0 |       0 |      34 |   0.0 |  2271
          D:11 |       0 |    2349 |   0.0 |       0 |      32 |   0.0 |  2398
          D:12 |       0 |    8178 |   0.0 |       0 |      43 |   0.0 |  2920
          D:13 |       0 |    9976 |   0.0 |       0 |      45 |   0.0 |  3291
          D:14 |       0 |    8145 |   0.0 |       0 |      38 |   0.0 |  1245
          D:15 |       0 |    9012 |   0.0 |       0 |      35 |   0.0 |  2005
        Lair:1 |       0 |    3955 |   0.0 |       0 |      26 |   0.0 |  1875
        Lair:2 |       0 |    5109 |   0.0 |       0 |      37 |   0.0 |  2434
        Lair:3 |       0 |    4679 |   0.0 |       0 |      50 |   0.0 |  1654
        Lair:4 |       0 |    3677 |   0.0 |       0 |      23 |   0.0 |   870
        Lair:5 |       0 |    3216 |   0.0 |       0 |      17 |   0.0 |  1865
        Lair:6 |       0 |   15277 |   0.0 |       0 |      83 |   0.0 |  4399
      Shoals:1 |       0 |   11244 |   0.0 |       0 |      33 |   0.0 |  5411
      Shoals:2 |       0 |   11062 |   0.0 |       0 |      33 |   0.0 |  2920
      Shoals:3 |       0 |    8456 |   0.0 |       0 |      34 |   0.0 |  2355
      Shoals:4 |       0 |   16703 |   0.0 |       0 |      47 |   0.0 |  2608
       Snake:1 |       0 |    8173 |   0.0 |       0 |      30 |   0.0 |  2124
       Snake:2 |       0 |    9559 |   0.0 |       0 |      33 |   0.0 |  2395
       Snake:3 |       0 |    8578 |   0.0 |       0 |      29 |   0.0 |  3789
       Snake:4 |       0 |   23237 |   0.0 |       0 |      85 |   0.0 |  3852
         Orc:1 |       0 |     143 |   0.0 |       0 |       1 |   0.0 |  1008
         Orc:2 |       0 |    1671 |   0.0 |       0 |      32 |   0.0 |  1141
      Vaults:1 |       0 |   13395 |   0.0 |       0 |      32 |   0.0 |  1665
      Depths:1 |       0 |    1081 |   0.0 |       0 |       1 |   0.0 |    30
           Lab |       0 |     819 |   0.0 |       0 |       1 |   0.0 |  1364
         IceCv |       0 |    2100 |   0.0 |       0 |      24 |   0.0 |  3554
       Volcano |       0 |    4432 |   0.0 |       0 |      11 |   0.0 |  1113
               +---------+---------+-------+---------+---------+-------+---------
